← All builds
Geo sea / Armada / Economy first / OBSERVED BUILD

Standard geo sea

The role's normal opening: bot lab then shipyard in the cove, an early submarine and destroyer to contest the sea, and a geothermal around 7:45 to fund the transition into destroyers, fast assault corvettes and assault frigates.

Usually shipyard in the cove (87%)

#naval #eco · 636 distinct matches · 100 players · 81% of Armada Geo sea games · team won 54% of 682 · Recently observed

HOW TO PLAY IT

Key timing: Shipyard by 3:13

  1. Open 3 mex and wind into Bot Lab.
  2. Put up Shipyard with naval turret and BP for defense.
  3. Send out "submarine" then "destroyer" to contest the sea.
  4. Bring geothermal online to fund the fleet.
  5. Add Advanced Metal Extractor as the economy transitions.

Phase by phase

TYPICAL OF ITS 636 GAMES
  1. 1
  2. 2
  3. 3
  4. 4
PLAY THE OPENING

Follow the example game's first 6:00 step by step: what to build now, what comes next, and where it goes. At 1× it keeps pace with your own game.

  1. 1

    Up to the Bot Lab

    Economy
    • Metal Extractor3Mex
    • Wind Turbine3Wind
    Order
    1. Bot LabBot Lab after 3 mex, 3 winddone ~1:12, middle half 1:06–1:17

    Some games also: wind for allies (46%)

    By 0:55 in all: 3 mex · 3 wind

    The example game in this phase · 3 steps
    1. Mex ×3
    2. Solar ×2
    3. Bot LabBot Labdone 1:06 · typical 1:12
  2. 2

    Bot Lab to Shipyard

    Economy
    • Metal Extractor1Mex
    • Wind Turbine1Wind
    Order
    1. ShipyardShipyard after 4 mex, 4 winddone ~3:11, middle half 2:50–3:36
    Builders
    • Construction Bot3 Con bot
    • Lazarus2 Lazarus

    Some games also: pawn (45%) · con turret (38%) · crossbow (34%)

    By 2:48 in all: 4 mex · 4 wind

    The example game in this phase · 10 steps
    1. LazarusLazarusfor Suicide front
    2. Windfor Air
    3. Construction BotCon bot
    4. Windfor Air
    5. Construction BotCon bot
    6. LazarusLazarus
    7. Construction BotCon bot
    8. LazarusLazarusfor Suicide front
    9. PawnPawn
    10. ShipyardShipyarddone 2:43 · typical 3:11
  3. 3

    Shipyard to 5:00

    Economy
    • Metal Extractor4Mex
    • Wind Turbine1Wind
    Builders
    • Construction Ship1 Con ship
    Army
    • Dolphin3 Dolphin
    • Skater1 Skater
    • Corsair1 Destroyer
    Other
    • Radar Tower1 Radar Tower

    Some games also: Sentry (45%) · submarine (44%) · con turret (32%) · converter (30%)

    By 5:00 in all: 8 mex · 6 wind · 1 energy storage · 1 con turret

    The example game in this phase · 17 steps
    1. Mex
    2. SkaterSkater ×2
    3. Construction ShipCon ship
    4. EelSubmarinedone 3:25 · typical 4:22
    5. Mex ×2
    6. SkaterSkater
    7. DolphinDolphin
    8. Mex ×2
    9. Con turret
    10. DolphinDolphin ×2
    11. Mex
    12. DolphinDolphin
    13. Mex
    14. DolphinDolphin
    15. SentrySentry
    16. CorsairDestroyerdone 5:24 · typical 5:35
    17. Mex
  4. 4

    5:00 to 10:00

    Economy
    • Metal Extractor2Mex
    • Wind Turbine12Wind
    • Energy Converter2Converter
    Builders
    • Construction Turret1 Con turret
    • Construction Ship1 Con ship
    • Grim Reaper1 Grim Reaper
    Army
    • Sentry1 Sentry
    • Dolphin5 Dolphin
    • Corsair2 Destroyer
    • Skater2 Skater

    Some games also: Radar Tower (48%) · frigate (42%) · geo (39%) · Harpoon (37%) · Naval Construction Turret (31%)

    By 10:00 in all: 11 mex · 19 wind · 1 geo · 3 converter · 1 energy storage · 2 con turret

    The example game in this phase · 201 steps
    1. SentrySentry
    2. Grim ReaperGrim Reaper ×2
    3. Solar
    4. Wind
    5. CorsairDestroyer
    6. Solar
    7. Wind ×2
    8. Solar
    9. Wind
    10. Mex
    11. Wind
    12. Con turret
    13. Wind
    14. Solar
    15. Geothermal PowerplantGeodone 8:37 · typical 7:45
    16. Solar
    17. Wind ×2
    18. CorsairDestroyer
    19. Wind ×2
    20. Mex
    21. Con turret ×2
    22. Advanced Metal ExtractorT2 mexdone 9:04 · typical 9:16
    23. Wind ×2
    24. CorsairDestroyer
    25. Wind
    26. Mex
    27. Wind ×2
    28. BeamerBeamer ×2
    29. Wind ×3
    30. BeamerBeamer
    31. Wind ×8
    32. Solar
    33. Wind ×4
    34. Solar
    35. Wind ×3
    36. Advanced Metal ExtractorT2 mex
    37. Converter
    38. Wind
    39. Construction ShipCon ship
    40. Wind ×2
    41. Energy storage
    42. Converter
    43. Energy storage ×3
    44. Seaplane PlatformSeaplane Platformdone 9:53
    45. Wind
    46. Converter
    47. Energy storage
    48. Converter
    49. Construction ShipCon ship
    50. Wind
    51. Converter
    52. Wind
    53. SabreSabre
    54. Converter
    55. Energy storage
    56. Wind
    57. Construction ShipCon ship
    58. Wind ×2
    59. Tidal
    60. Wind ×2
    61. SabreSabre
    62. Wind ×5
    63. Tidal
    64. Advanced Metal ExtractorT2 mex
    65. SabreSabre
    66. Wind ×3
    67. Naval Radar / Sonar TowerNaval Radar / Sonar Tower
    68. Tidal
    69. Wind
    70. SkaterSkater
    71. SabreSabre
    72. Wind
    73. Tidal
    74. Wind
    75. Tidal
    76. Wind
    77. SkaterSkater
    78. Wind ×2
    79. Naval Radar / Sonar TowerNaval Radar / Sonar Tower
    80. SkaterSkater
    81. Wind
    82. Tidal
    83. Wind
    84. Tidal
    85. SkaterSkater
    86. Wind
    87. SabreSabre
    88. Wind
    89. Tidal
    90. SkaterSkater
    91. Wind
    92. Tidal
    93. SkaterSkater
    94. Advanced Metal ExtractorT2 mex
    95. Wind
    96. Tidal
    97. SabreSabre
    98. Wind
    99. Tidal
    100. SkaterSkater
    101. Wind ×4
    102. SkaterSkater
    103. Tidal
    104. Naval Radar / Sonar TowerNaval Radar / Sonar Tower
    105. Wind ×3
    106. Tidal ×2
    107. SkaterSkater
    108. SabreSabre
    109. Con turret
    110. Wind
    111. Con turret
    112. Wind
    113. Tidal ×2
    114. Wind
    115. SkaterSkater
    116. Tidal
    117. Con turret
    118. SabreSabre
    119. Con turret
    120. Naval Radar / Sonar TowerNaval Radar / Sonar Tower
    121. Tidal
    122. Con turret
    123. SkaterSkater
    124. Tidal
    125. Wind
    126. Advanced Metal ExtractorT2 mex
    127. SkaterSkater
    128. Tidal
    129. SabreSabre
    130. Wind
    131. SkaterSkater
    132. SabreSabre
    133. SkaterSkater
    134. Wind
    135. Tidal
    136. ChainsawChainsaw
    137. Tidal
    138. SabreSabre
    139. SkaterSkater
    140. Wind
    141. Tidal ×2
    142. Bot LabBot Labdone 13:23
    143. Tidal
    144. Wind
    145. SabreSabre
    146. Wind
    147. Tidal
    148. Advanced Metal ExtractorT2 mex
    149. Wind
    150. SabreSabre
    151. Tidal ×2
    152. SabreSabre
    153. Tidal
    154. SabreSabre
    155. Tidal
    156. SabreSabre
    157. Tidal
    158. Wind
    159. Construction BotCon bot
    160. SabreSabre
    161. Construction BotCon bot
    162. Naval Energy Converter
    163. Tidal
    164. CycloneCyclonefor Air
    165. Construction BotCon bot
    166. Tidal
    167. CycloneCyclonefor Air
    168. Tidal
    169. Construction BotCon bot
    170. CycloneCyclonefor Air
    171. Construction BotCon bot
    172. Wind
    173. CycloneCyclonefor Air
    174. Con turret
    175. Naval Energy Converter
    176. Tidal
    177. Con turret
    178. Tidal
    179. Construction BotCon bot
    180. Con turret
    181. Tidal
    182. CycloneCyclonefor Air
    183. Construction BotCon bot
    184. CycloneCyclonefor Air
    185. Wind
    186. Construction BotCon bot
    187. Tidal
    188. CycloneCyclonefor Air
    189. Naval Energy Converter
    190. Tidal
    191. Construction BotCon bot
    192. CycloneCyclonefor Air
    193. Construction BotCon bot
    194. Tidal
    195. CycloneCyclonefor Air
    196. Construction BotCon bot
    197. CycloneCyclonefor Air
    198. Construction BotCon bot
    199. Tidal
    200. Wind
    201. Construction BotCon bot

Counts are medians over the build's games: half of them build more, half fewer. The example game is KingBenjai's (45 OS, 12/09/2026); pick another.

Team trades

IN AT LEAST 30% OF ITS GAMES

You hand over

  • Wind Turbine2 Wind to Air or Suicide frontfirst at 1:41 · in 65% of games

You get

  • Finch1 Finch from Airfirst at 1:51 · in 77% of games
  • Hercules1 Light transport from Airfirst at 2:04 · in 66% of games
  • Advanced Construction Bot1 T2 con bot from Techfirst at 7:42 · in 89% of games

How it plays out

Typical game of this build, running totals by minute

Metal produced

010k20k30k
0:005:0010:0015:00

metal

Enemy metal destroyed

05k10k
0:005:0010:0015:00

metal

Own metal lost

02.5k5k7.5k
0:005:0010:0015:00

metal

682 games.

Show as table
ByMetal produced: This buildEnemy metal destroyed: This buildOwn metal lost: This build
1:0039500
2:0092800
3:00160300
4:002934051
5:00414517574
6:005548541325
7:0071031018661
8:00877917921050
9:001067325581702
10:001296034202269
11:001569646803159
12:001870257163914
13:002210468594765
14:002580179875656
15:002914191246705
WHAT THE NUMBERS SAY

Standard Armada geo sea nearly matches Cortex's economy numbers but wins slightly more often at 53%.

  • + Metal produced reaches 28785 by 15:00, the highest of the sea builds
  • + Own metal lost of 6895 stays well under enemy metal destroyed's 9048
  • − Geothermal only lands in 58% of games by 7:34
  • − T2 factory completes in only 40% of games by 12:43
THE EXAMPLE YOU ARE READING

KingBenjai

45.0 OS · 12/09/2026

Open source match ↗

3 received units · includes a constructor
944 metal received · 41696 energy received

Allied construction assistance is unknown. Timings are observations, not a promise of solo reproducibility.

Typical milestones

Bot Lab1:12Middle 50%: 1:06–1:17 · n=663
Shipyard3:11Middle 50%: 2:50–3:36 · n=674
Eel4:22Middle 50%: 3:41–5:38 · n=413
Corsair5:35Middle 50%: 4:50–6:34 · n=632
Geothermal Powerplant7:45Middle 50%: 6:47–9:11 · n=423
Advanced Metal Extractor9:16Middle 50%: 8:36–10:06 · n=595

Played most by

Optimusprimenutt50games of this buildKingBenjai48games of this buildhaaven38games of this buildHummell32games of this buildRexalidus26games of this build